 Dungeon Crawl Stone Soup version 0.30-a0-857-gcaf70739d4 (webtiles) character file.

Game seed: 4829572393440870205

444 bande the Chopper (level 7, -15/44 HPs)
             Began as a Gargoyle Fighter on Mar 6, 2023.
             Demolished by an ogre
             ... wielding a +0 giant club
              (24 damage)
             ... on level 4 of the Dungeon.
             The game lasted 00:04:05 (1738 turns).

bande the Chopper (Gargoyle Fighter)                Turns: 1738, Time: 00:04:06

Health: -15/44     AC: 16    Str: 19    XL:     7   Next: 3%
Magic:  7/7        EV: 12    Int:  9    God:
Gold:   1477       SH:  4    Dex: 11    Spells: 6/6 levels left

rFire   . . .      SeeInvis .    a - +0 war axe (venom)
rCold   . . .      Faith    .    c - +0 buckler
rNeg    + . .      Spirit   .    g - +0 chain mail
rPois   ∞          Reflect  .    (no helmet)
rElec   +          Rampage  .    e - scarf {repulsion}
rCorr   .                        (no gloves)
Will    .....                    o - +1 pair of boots Stlth
                                 (no amulet)
HPRegen 0.27/turn                f - +5 ring of evasion
MPRegen 0.10/turn                (no ring)

@: repel missiles
A: sickness immunity, AC +4, negative energy resistance 1, electricity
resistance, torment resistance 1, petrification resistance
a: no special abilities


You were on level 4 of the Dungeon.
You visited 1 branch of the dungeon, and saw 4 of its levels.

You collected 1477 gold pieces.

Inventory:

Hand Weapons
 a - a +0 war axe of venom (weapon)
 h - a +0 flail
Armour
 c - a +0 buckler (worn)
 e - a scarf of repulsion (worn)
 g - a +0 chain mail (worn)
 o - a +1 pair of boots (worn)
Jewellery
 f - a +5 ring of evasion (left hand)
Potions
 b - a potion of attraction {unknown}
 d - 2 potions of might
 i - a potion of resistance
 k - 2 potions of invisibility {unknown}
 l - 4 potions of flight
 n - 3 potions of curing


   Skills:
 + Level 4.7 Fighting
 + Level 5.2 Axes
 + Level 4.0 Armour
 + Level 4.2 Shields


You had 6 spell levels left.
You didn't know any spells.
Your spell library was empty.

Dungeon Overview and Level Annotations

Branches:
Dungeon (4/15)
 Temple: D:4-7

Altars:


Innate Abilities, Weirdness & Mutations

You are immune to sickness and miasma.
Your stone body is resilient. (AC +4)
You are immune to poison.
You resist negative energy. (rN+)
You are resistant to electric shocks. (rElec)
You are resistant to unholy torment.
You are immune to petrification.


Message History

You kill the ice beast!
Your Axes skill increases to level 5!
Your Armour skill increases to level 4!
You have reached level 7!
You start waiting.
Done waiting.
You start waiting.
An ogre comes into view. It is wielding a +0 giant club.
Found a stone staircase leading down.
The ogre shouts!
You hear a shout!
The ogre hits you with a +0 giant club!!
Ouch! That really hurt!
You are too injured to fight recklessly!
You are too injured to fight recklessly!
You are too injured to fight recklessly!
You are too injured to fight recklessly!
You are too injured to fight recklessly!
You are too injured to fight recklessly!
You are too injured to fight recklessly!
You are too injured to fight recklessly!
You closely miss the ogre. The ogre closely misses you.
You hit the ogre.
The ogre is poisoned.
The ogre is lightly wounded.
The ogre closely misses you.
You barely miss the ogre.
The ogre is lightly wounded.
The ogre hits you with a +0 giant club!
* * * LOW HITPOINT WARNING * * *
You barely miss the ogre.
The ogre is lightly wounded.
The ogre closely misses you.
You hit the ogre.
The ogre looks as sick as possible!
The ogre is moderately wounded.
You barely miss the ogre.
The ogre is moderately wounded.
The ogre barely misses you.
You hit the ogre but do no damage.
The ogre looks as sick as possible!
The ogre is moderately wounded.
The ogre hits you with a +0 giant club!!
Ouch! That really hurt!
You die...

~.~~ ####### ~~~~.
#.....#
..~~≈≈~~.......# .
#.~~≈~.~......>#..
#.#.~~≈~~.P#.......#
#.#♣~~.~~~♣#......#
#...~P~$~~..O...#
#......~.♣..@...#
#.....♣)†)......#
#...............#
+...............#
#...............#
#....<..........#
.....#####+########
.... ..<


You could see an ogre (extremely poisoned).

Vanquished Creatures
  Sigmund (D:3)
  An ice beast (D:4)
  An ogre (D:4)
  5 adders
  5 orcs
  6 endoplasms
  A giant cockroach (D:2)
  7 goblins
  6 hobgoblins
  7 jackals
  2 quokkas (D:1)
  2 ball pythons
  4 bats
  2 frilled lizards
  6 kobolds
  8 rats
64 creatures vanquished.

Vanquished Creatures (others)
  A plant (D:4)
1 creature vanquished.

Grand Total: 65 creatures vanquished

Notes
Turn   | Place    | Note
-------+----------+-------------------------------------------
     0 | D:1      | bande the Gargoyle Fighter began the quest for the Orb.
     0 | D:1      | Reached XP level 1. HP: 14/14 MP: 1/1
   116 | D:1      | Reached XP level 2. HP: 19/19 MP: 2/2
   159 | D:1      | Reached skill level 2 in Axes
   258 | D:1      | Reached XP level 3. HP: 18/24 MP: 3/3
   684 | D:2      | Reached XP level 4. HP: 27/29 MP: 4/4
   923 | D:2      | Identified a scroll of acquirement
   923 | D:2      | Acquired 1200 gold pieces
   979 | D:2      | Reached skill level 3 in Axes
  1071 | D:2      | Identified the +0 ring mail of Duck's Teeth {rF++}
  1193 | D:3      | Noticed Sigmund
  1213 | D:3      | Killed Sigmund
  1214 | D:3      | Reached skill level 4 in Axes
  1214 | D:3      | Reached XP level 5. HP: 34/34 MP: 5/5
  1214 | D:3      | Reached XP level 6. HP: 39/39 MP: 6/6
  1571 | D:4      | Noticed an ice beast
  1588 | D:4      | Killed an ice beast
  1589 | D:4      | Reached skill level 5 in Axes
  1589 | D:4      | Reached XP level 7. HP: 44/44 MP: 7/7
  1738 | D:4      | Demolished by an ogre

Illustrated notes

Levels and vault maps discovered:
D:1:      ebering_trefoil_3fold, layout_rooms, minmay_tall_x
D:2:      layout_rooms, grunt_decor_mini_mirrors, st_stairs_12,
          dreamdust_princess_bridge, kennysheep_generic_room_7
D:3:      layout_rooms, wad_orctagon, uniq_sigmund
D:4:      layout_gridville, grunt_dithmenos_smoke_and_mirrors, serial_shops,
          shop, serial_bayou_pond_b, minmay_circle_x, uniq_crazy_yiuf_cottage

Skill      XL: |  1  2  3  4  5  6 |
---------------+-------------------+-----
Axes           | 2 4 5 |  5.2
Fighting       | 4 |  4.7
Shields        | 4 |  4.2
Armour         | 4 |  4.0

Action                     |  1- 3 |  4- 6 |  7- 9 || total
---------------------------+-------+-------+-------++-------
  Melee: War axe           |    93 |   101 |     7 ||   201
    Use: Scroll            |       |     8 |       ||     8
 Armour: Scale mail        |    48 |    19 |       ||    67
         Chain mail        |       |    15 |       ||    15
  Dodge: Dodged            |    80 |    83 |     4 ||   167
  Block: Buckler           |    19 |    25 |       ||    44

Table legend: (Time is in decaauts)
 A = Elapsed time spent in this place.
 B = Non-inter-level travel time spent in this place.
 C = Inter-level travel time spent in this place.
 D = Time resting spent in this place.
 E = Time spent auto-exploring this place.
 F = Levels seen in this place.
 G = Mean time per level.
                   A        B        C        D        E       F      G
               +--------+--------+--------+--------+--------+-----+--------+
         Total |   1817 |   1712 |    105 |    138 |   1011 |   4 |  454.2 |
       Dungeon |   1817 |   1712 |    105 |    138 |   1011 |   4 |  454.2 |
               +--------+--------+--------+--------+--------+-----+--------+

Top non-repeatable levels by time:
     D:2: 593 daAuts
     D:1: 574 daAuts
     D:3: 462 daAuts
     D:4: 187 daAuts
